 Dungeon Crawl Stone Soup version 0.22-a0-565-gfc6459a524 (webtiles) character file.

1724 Kholdaimon the Blocker (level 9, -1/65 HPs)
             Began as a Formicid Fighter on June 28, 2018.
             Killed from afar by a steam dragon (15 damage)
             ... with a ball of steam
             ... on level 6 of the Dungeon.
             The game lasted 00:31:46 (5862 turns).

Kholdaimon the Blocker (Formicid Fighter)           Turns: 5862, Time: 00:31:47

Health: -1/65      AC: 14    Str: 25    XL:     9   Next: 25%
Magic:  9/9        EV: 10    Int: 12    God:
Gold:   250        SH: 12    Dex: 10    Spells: 7/8 levels left

rFire    x . .     SeeInvis +   a - +1 war axe
rCold    + . .     Gourm    .   c - +0 shield
rNeg     . . .     Faith    .   k - +0 plate armour
rPois    .         Spirit   .   (helmet unavailable)
rElec    .         Reflect  .   A - +0 cloak
rCorr    .         Harm     .   (no gloves)
MR       .....                  (no boots)
Stlth    ..........             e - amulet of the acrobat
HPRegen  0.20/turn              w - +3 ring of evasion
MPRegen  0.11/turn              q - ring of ice

@: mighty
A: permanent stasis, dig shafts and tunnels, four strong arms, antennae 3
a: Dig, Shaft Self


You were on level 6 of the Dungeon.
You were not hungry.

You visited 1 branch of the dungeon, and saw 6 of its levels.

You collected 250 gold pieces.

Inventory:

Hand Weapons
 a - a +1 war axe (weapon)
 u - a +0 shortbow
Missiles
 i - 99 stones (quivered)
 j - a throwing net
 n - 92 arrows
 r - 10 sling bullets
 x - 8 tomahawks
 z - 23 bolts
Armour
 b - a +0 scale mail
 c - a +0 shield (worn)
 k - a +0 plate armour (worn)
 m - a +0 chain mail
 A - a +0 cloak (worn)
 E - the +1 robe "Roniycwu" {rPois rC- Str+8 Slay+6, unknown}
   (You found it on level 6 of the Dungeon)

   It affects your strength (+8).
   It affects your accuracy and damage with ranged weapons and melee attacks
   (+6).
   It makes you vulnerable to cold.
   It protects you from poison.
Jewellery
 e - an amulet of the acrobat (around neck)
 q - a ring of ice (right hand)
 s - an uncursed ring of fire {unknown}
 w - a +3 ring of evasion (left hand)
 y - a +3 ring of strength {unknown}
Scrolls
 g - a scroll of remove curse
 h - 2 scrolls of fear {unknown}
 B - a scroll of amnesia
 D - 2 scrolls of enchant weapon
 F - a scroll of torment {unknown}
Potions
 d - a potion of might
 l - a potion of lignification
 o - a potion of degeneration {unknown}
 p - a potion of mutation {unknown}
 t - a potion of magic {unknown}
 v - 4 potions of curing
Comestibles
 f - 8 rations
 C - a chunk of flesh


   Skills:
 - Level 4.0 Fighting
 * Level 7.3 Axes
 + Level 6.5 Armour
 - Level 9.0 Shields


You had 7 spell levels left.
You knew the following spells:

 Your Spells              Type           Power        Failure   Level  Hunger
a - Apportation           Tloc           #.....       99%         1    ##.....

Your spell library contained the following spells:

 Spells                   Type           Power        Failure   Level  Hunger
 Magic Dart               Conj           #...         99%         1    ##.....
 Lightning Bolt           Conj/Air       #.........   100%        5    ######.
 Throw Frost              Conj/Ice       #.....       100%        2    ###....
 Summon Small Mammal      Summ           #...         99%         1    ##.....
 Iskenderun's Mystic Bla  Conj           #.......     100%        4    #####..
 Animate Skeleton         Necr           N/A          99%         1    ##.....
 Freeze                   Ice            #...         99%         1    ##.....
 Summon Ice Beast         Ice/Summ       #.......     100%        4    #####..
 Ozocubu's Armour         Chrm/Ice       #.......     100%        3    ####...
 Shock                    Conj/Air       #...         99%         1    ##.....
 Swiftness                Chrm/Air       #.......     100%        2    ###....
 Throw Icicle             Conj/Ice       #.......     100%        4    #####..
 Airstrike                Air            #.........   100%        4    #####..
 Confusing Touch          Hex            #.....       99%         1    ##.....
 Static Discharge         Conj/Air       #.......     100%        3    ####...
 Fulminant Prism          Conj/Hex       #.........   100%        4    #####..
 Dazzling Spray           Conj/Hex       #.....       100%        3    ####...
 Force Lance              Conj/Tloc      #.......     100%        4    #####..
 Searing Ray              Conj           #.....       100%        2    ###....


Dungeon Overview and Level Annotations

Branches:
Dungeon (6/15)
 Temple: D:4-7

Altars:

Shops:
D:4 }(   D:6 }

Annotations:
D:4 exclusion: downstairs


Innate Abilities, Weirdness & Mutations

You cannot be hasted, slowed, berserked, paralysed or teleported.
You can dig through walls and to a lower floor.
Your four strong arms can wield two-handed weapons with a shield.
You have a pair of large antennae on your head. (SInv)


Message History

The centaur is almost dead.
You are engulfed in a cloud of scalding steam.
The centaur hits you but does no damage.
The steam dragon breathes steam at you. The ball of steam hits you!
The steam scalds you terribly!
* * * LOW HITPOINT WARNING * * *
You are too injured to fight recklessly!
You are too injured to fight recklessly!
You feel very mighty all of a sudden. You block the centaur's attack. x2
You closely miss the centaur.
The centaur is almost dead.
You block the centaur's attack.
The centaur hits you but does no damage.
You slash the centaur!
You kill the centaur!
You closely miss the steam dragon. The steam dragon breathes steam at you.
The ball of steam hits you! The steam scalds you terribly!
You die...

#.........# #. ###.
#..........## #.. ####...
#...........##..# #......
#...##.........# ..###..
##...#........# ##..
##...........# #...
####........## ##...
#...§)....# ###..## ####
#..##@##.... #...###
####..####.##.D(# #
#..####
#..#......##.....#
####.#.
##.###....##≈.8..# ##..
#.###...###≈≈...#§ { ##.
##.###..# ##≈§≈.. #.
#.###..#######≈≈≈ #. #
##...........####### ..
##
####..###.####...##...###
#.# #


You could see a steam dragon.

Vanquished Creatures
  A steam dragon (D:6)
  3 centaurs
  A phantom (D:5)
  4 ogres
  Blork the orc (D:5)
  A howler monkey (D:5)
  A jelly (D:6)
  A centaur zombie (D:5)
  3 hounds
  Crazy Yiuf (D:5)
  A bullfrog zombie (D:6)
  4 orc wizards
  Terence (D:2)
  An iguana (D:4)
  8 worker ants
  A hound skeleton (D:5)
  A howler monkey zombie (D:5)
  8 gnolls
  2 worker ant zombies (D:5)
  5 adders
  An ooze (D:1)
  An adder skeleton (D:4)
  3 worms
  5 dart slugs
  4 leopard geckos
  6 orcs
  6 bats
  2 giant cockroaches
  9 goblins
  6 hobgoblins
  11 jackals
  4 kobolds
  2 quokkas (D:6)
  4 ball pythons
  4 frilled lizards
  2 jackal skeletons (D:5)
  5 rats
  5 fungi (D:5)
129 creatures vanquished.

Notes
Turn   | Place    | Note
-------+----------+-------------------------------------------
     0 | D:1      | Kholdaimon the Formicid Fighter began the quest for the Orb.
     0 | D:1      | Reached XP level 1. HP: 18/18 MP: 1/1
    35 | D:1      | Reached XP level 2. HP: 24/24 MP: 2/2
   219 | D:1      | Reached XP level 3. HP: 29/29 MP: 3/3
   267 | D:1      | Reached skill level 4 in Shields
   692 | D:2      | Reached XP level 4. HP: 34/37 MP: 4/4
   813 | D:2      | Noticed Terence
   821 | D:2      | Killed Terence
  1188 | D:2      | Reached XP level 5. HP: 15/42 MP: 5/5
  2151 | D:3      | Reached skill level 5 in Shields
  2295 | D:3      | Noticed an ogre
  2305 | D:3      | Killed an ogre
  2305 | D:3      | Reached XP level 6. HP: 22/48 MP: 6/6
  3058 | D:4      | Found Xaxab's Gadget Emporium.
  3220 | D:4      | Noticed an ogre
  3248 | D:4      | Reached XP level 7. HP: 44/54 MP: 7/7
  3258 | D:4      | Reached skill level 6 in Shields
  3649 | D:4      | Found Abbengoh's Antique Weapon Shop.
  3744 | D:4      | Reached skill level 5 in Armour
  3809 | D:5      | Entered Level 5 of the Dungeon
  3809 | D:5      | Noticed Blork the orc
  3871 | D:5      | Reached skill level 5 in Axes
  3959 | D:5      | Reached skill level 7 in Shields
  3959 | D:5      | Reached XP level 8. HP: 52/60 MP: 8/8
  3985 | D:5      | Killed Blork the orc
  4391 | D:5      | Reached skill level 8 in Shields
  4839 | D:5      | Found a runed door.
  4843 | D:5      | Noticed Crazy Yiuf
  4854 | D:5      | Killed Crazy Yiuf
  5187 | D:6      | Reached XP level 9. HP: 60/65 MP: 9/9
  5499 | D:6      | Got a colourful robe
  5527 | D:6      | Learned a level 1 spell: Apportation
  5562 | D:6      | Found Weesal's Gadget Boutique.
  5851 | D:6      | Reached skill level 9 in Shields
  5862 | D:6      | Killed from afar by a steam dragon

Vault maps used:
D:1:      eino_arrival_water_cross
D:2:      kennysheep_big_flooded_room, first_ration, uniq_terence
D:4:      serial_shops, shop_fountains, shop
D:5:      serial_bayou_pond_d, kennysheep_pointless_box, uniq_blork_the_orc,
          uniq_crazy_yiuf_cottage
D:6:      cheibrodos_steamvent, serial_shops, kennysheep_mini_moat

Skill      XL: |  1  2  3  4  5  6  7  8  9 |
---------------+----------------------------+-----
Shields        | 4 5 7 8 9 |  9.0
Armour         | 4 5 6 |  6.5
Fighting       | 4 |  4.0
Axes           | 3 4 5 6 7 |  7.3

Action                   |  1- 3 |  4- 6 |  7- 9 || total
-------------------------+-------+-------+-------++-------
Melee: War axe           |    90 |   167 |   263 ||   520
Throw: Stone             |       |     6 |    12 ||    18
  Use: Potion            |       |     2 |     2 ||     4
       Scroll            |       |     9 |     2 ||    11
  Eat: Chunk             |       |     8 |     9 ||    17
Armor: Scale mail        |    58 |    51 |       ||   109
       Plate armour      |       |    16 |    90 ||   106
Dodge: Dodged            |    38 |    61 |    82 ||   181
Block: Shield            |    69 |    90 |   115 ||   274

Table legend:
 A = Spawn XP
 B = Non-spawn XP
 C = Spawn XP percentage of total XP
 D = Spawn monster count
 E = Non-spawn monster count
 F = Spawn count percentage of total count
 G = Total turns spent on level
                    A         B        C        D         E        F      G
               +---------+---------+-------+---------+---------+-------+---------
         Total |       0 |    2463 |   0.0 |       0 |     124 |   0.0 |  5862
               +---------+---------+-------+---------+---------+-------+---------
           D:1 |       0 |      56 |   0.0 |       0 |      28 |   0.0 |   648
           D:2 |       0 |     100 |   0.0 |       0 |      17 |   0.0 |  1254
           D:3 |       0 |     205 |   0.0 |       0 |      20 |   0.0 |   893
           D:4 |       0 |     408 |   0.0 |       0 |      18 |   0.0 |  1056
           D:5 |       0 |     984 |   0.0 |       0 |      26 |   0.0 |  1052
           D:6 |       0 |     710 |   0.0 |       0 |      15 |   0.0 |   959
               +---------+---------+-------+---------+---------+-------+---------
